 Dungeon Crawl Stone Soup version 0.28.0-49-g6dfe1f597d (webtiles) character file.

Game seed: 7334713781856068839

26488 mortz the Thaumaturge (level 12, -8/85 HPs)
             Began as a Grey Draconian Conjurer on May 13, 2022.
             Was an Elder of Vehumet.
             Killed from afar by a guardian serpent (10 damage)
             ... with a bolt of poison
             ... on level 4 of the Lair of Beasts on May 14, 2022.
             The game lasted 02:21:21 (21189 turns).

mortz the Thaumaturge (Grey Draconian Conjurer)    Turns: 21189, Time: 02:21:21

Health: -8/85      AC: 14    Str:  5    XL:     12   Next: 98%
Magic:  6/27       EV: 13    Int: 28    God:    Vehumet [****..]
Gold:   279        SH:  5    Dex: 10    Spells: 4/34 levels left

rFire   + . .      SeeInvis .   q - +6 dagger of Ambiguity {holy, rC+ Str-5 Int+5, short}
rCold   + + .      Faith    .   (no shield)
rNeg    . . .      Spirit   .   (armour unavailable)
rPois   .          Reflect  +   (helmet restricted)
rElec   .          Harm     .   R - scarf {rC+ rF+}
rCorr   .          Rampage  .   (no gloves)
Will    .....                   Y - +0 pair of boots
Stlth   ++........              G - amulet of reflection
HPRegen 0.24/turn               t - ring of wizardry
MPRegen 0.20/turn               K - ring of wizardry

@: lethally poisoned (-8 -> -24)
A: AC +13, amphibious, unfitting armour, cold-blooded
a: Renounce Religion


You were on level 4 of the Lair of Beasts.
You worshipped Vehumet.
Vehumet was greatly pleased with you.
You visited 3 branches of the dungeon, and saw 15 of its levels.
You also visited: Bailey and Ice Cave.

You collected 1385 gold pieces.
You spent 1106 gold pieces at shops.


Innate Abilities, Weirdness & Mutations

Your dull iron-grey scales are very hard. (AC +13)
You are amphibious.
You cannot fit into any form of body armour.
You are cold-blooded and may be slowed by cold attacks.


   Skills:
 + Level 2.2 Fighting
 + Level 7.0 Short Blades
 + Level 4.4 Dodging
 + Level 4.1 Stealth
 + Level 2.0 Shields
 + Level 11.6 Spellcasting
 + Level 11.2 Conjurations
 + Level 1.4 Hexes
 + Level 3.2 Translocations
 + Level 2.0 Fire Magic
 + Level 5.1 Air Magic
 * Level 3.3 Earth Magic
 + Level 8.0 Poison Magic
 + Level 2.1 Evocations


You had 4 spell levels left.
You knew the following spells:

 Your Spells              Type           Power      Damage    Failure   Level
a - Magic Dart            Conj           100%       1d8       1%          1
b - Searing Ray           Conj           100%       2d8       1%          2
c - Mephitic Cloud        Conj/Pois/Air  58%        N/A       1%          3
d - Dazzling Flash        Conj/Hex       100%       N/A       1%          3
e - Iskenderun's Mystic   Conj/Tloc      54%        2d12      1%          4
f - Fireball              Conj/Fire      26%        3d12      1%          5
g - Olgreb's Toxic Radia  Pois           57%        N/A       1%          4
h - Hailstorm             Conj/Ice       47%        3d11      1%          4
i - Fulminant Prism       Conj/Hex       25%        3d14      1%          4

Your spell library contained the following spells:

 Spells                   Type           Power      Damage    Failure   Level
 Stone Arrow              Conj/Erth      100%       3d13      1%          3
 Freeze                   Ice            64%        1d8       1%          1
 Call Imp                 Summ           16%        N/A       1%          2
 Frozen Ramparts          Ice            32%        1d5       1%          3
 Portal Projectile        Hex/Tloc       58%        N/A       1%          3
 Summon Lightning Spire   Summ/Air       30%        N/A       3%          4
 Conjure Ball Lightning   Conj/Air       29%        3x3d8     2%          6
 Lee's Rapid Deconstruct  Erth           17%        3d11*     3%          5
 Starburst                Conj/Fire      26%        6d8       4%          6
 Blade Hands              Tmut           8%         N/A       24%         5
 Excruciating Wounds      Necr           8%         N/A       24%         5
 Maxwell's Capacitive Co  Air            22%        ∞         89%         8
 Ozocubu's Refrigeration  Ice            8%         4d6       90%         7
 Storm Form               Tmut/Air       15%        N/A       91%         7
 Ignition                 Fire           13%        3d6       99%         8
 Discord                  Hex            12%        N/A       100%        8
 Disjunction              Tloc           17%        N/A       100%        8

Inventory:

Hand Weapons
 q - the +6 dagger of Ambiguity (weapon) {holy, rC+ Str-5 Int+5, short}
   (You found it on level 2 of the Dungeon)

   It has been blessed by the Shining One to cause great damage to the undead
   and demons.
   Str:       It affects your strength (-5).
   Int:       It affects your intelligence (+5).
   rC:        It protects you from cold.
 w - a +3 short sword of freezing {short}
   (You took it off a wight on level 8 of the Dungeon)
 x - a +6 flail of protection {mace}
   (You took it off Edmund on level 4 of the Dungeon)
 A - a +1 vorpal hand axe {axe}
   (You took it off an orc on level 4 of the Dungeon)
Missiles
 o - 67 poisoned darts {throwing}
 M - 2 silver javelins {throwing}
Armour
 O - the +0 cloak of Indecent Exposure {Harm rN+ Int+7}
   (You found it on level 8 of the Dungeon)

   Int:       It affects your intelligence (+7).
   rN:        It protects you from negative energy.
   Harm:      It increases damage dealt and taken.
 Q - a +0 kite shield
   (You took it off an orc priest on level 8 of the Dungeon)
 R - a scarf of resistance (worn)
   (You found it on level 9 of the Dungeon)
 Y - a +0 pair of boots (worn)
   (You found it on level 9 of the Dungeon)
Magical Staves
 N - a staff of cold {!astaff}
   (You found it on level 1 of the Lair of Beasts)
Jewellery
 e - a +4 ring of slaying
   (You found it on level 1 of the Dungeon)
 f - a ring of resist corrosion
   (You found it on level 1 of the Dungeon)
 j - an amulet of guardian spirit
   (You found it on level 1 of the Dungeon)
 m - a ring of willpower
   (You found it on level 3 of the Dungeon)
 t - a ring of wizardry (left hand)
   (You found it on level 9 of the Dungeon)
 y - a ring of ice
   (You found it on level 4 of the Dungeon)
 E - a +6 ring of dexterity
   (You found it on level 5 of the Dungeon)
 G - an amulet of reflection (around neck)
   (You found it on level 6 of the Dungeon)
 I - a ring of protection from cold
   (You found it on level 6 of the Dungeon)
 K - a ring of wizardry (right hand)
   (You found it on level 10 of the Dungeon)
 W - a ring of flight
   (You found it on level 9 of the Dungeon)
Wands
 i - a wand of digging (7)
   (You found it in a bailey)
 l - a wand of paralysis (17)
   (You found it on level 4 of the Dungeon)
 z - a wand of flame (41)
   (You took it off an orc on level 4 of the Dungeon)
 D - a wand of charming (18)
   (You found it on level 5 of the Dungeon)
 F - a wand of iceblast (5)
   (You found it in an ice cave)
 S - a wand of acid (3)
   (You took it off Maurice on level 9 of the Dungeon)
Scrolls
 a - 5 scrolls of magic mapping {!r}
 b - 2 scrolls of fear
 g - 4 scrolls of immolation {!r!r}
 h - a scroll of enchant weapon
 k - 5 scrolls of amnesia {unknown}
 n - a scroll of fog
 u - 2 scrolls of enchant armour {unknown}
 v - a scroll of brand weapon
 H - a scroll of holy word {unknown}
 J - a scroll of silence {unknown}
 P - a scroll of noise {unknown}
Potions
 d - 2 potions of berserk rage {!q}
 p - 5 potions of might
 r - 3 potions of attraction {!q}
 s - 2 potions of heal wounds {@q2}
 B - 2 potions of ambrosia
 C - 9 potions of curing {@q1}
 L - a potion of mutation {!q}
 T - 2 potions of brilliance
 U - a potion of magic
 X - a potion of flight
 Z - a potion of invisibility

Dungeon Overview and Level Annotations

Branches:
Dungeon (10/15)            Temple (1/1) D:7            Lair (4/6) D:9
  Swamp (0/4) Lair:2        Snake (0/4) Lair:4       Bailey (visited)
  IceCv (visited)
    Orc: D:9-12

Altars:
Ashenzari
Cheibriados
Dithmenos
Elyvilon
Fedhas
Gozag
Hepliaklqana
Kikubaaqudgha
Makhleb
Nemelex Xobeh
Okawaru
Qazlal
Ru
Sif Muna
Trog
Uskayaw
Vehumet
Wu Jian
Xom
Yredelemnul
Zin
The Shining One
Beogh

Shops:
D:7 *   D:8 :   D:9 !

Annotations:
D:8 qwertyui's ghost, novice GrFi
Lair:1 2 transporters, oldmanjim's ghost, journeyman OgCj

.... ## ...# .# ##...##
.###.....#### # ##...........#.#
.....#..#.....## #.#....#..#...#
##.@.......#...###.
..#.F.⌠Y..⌠...#..#..
.......FS<..........# ...
#......⌠...⌠...#..#
..##...#..............#####
..####....#.......#.....#.. #.#
##.....#.......##..... #######.##
###.........##.......
.P#P#...P######.......#.##.......


You could see an elephant, a guardian serpent, a cane toad and a bullfrog.


Message History

The elephant blinks!
The elephant tramples you!
* * * LOW HITPOINT WARNING * * *
You stumble backwards! 😨 HP[-9]
You take 9 damage, and now have 25/85 hp.
A bullfrog comes into view.
The bullfrog gives a loud, deep croak! 😨 MP[+1]
The guardian serpent casts a spell at you.
You resist with some effort. The bullfrog closely misses you.
The bullfrog closely misses you. 😨 HP[+1]
The bullfrog swells and bulges.
The bullfrog completely misses you. The bullfrog misses you. 😨 MP[+1]
Casting: Searing Ray (safe; 1% risk of failure)
Confirm with . or Enter, or press ? or * to list all spells.
You erupt in a blast of force!
The mystic blast hits the guardian serpent.
The guardian serpent is knocked back by the mystic blast.
The mystic blast hits the elephant.
The elephant is knocked back by the mystic blast.
The mystic blast hits the bullfrog!
The bullfrog is knocked back by the mystic blast.
The bullfrog swells and bulges. 😨 HP[+1] MP[-4]
You lost 4 mp, and now have 7/27 mp.
Casting: Iskenderun's Mystic Blast (safe; 1% risk of failure)
Confirm with . or Enter, or press ? or * to list all spells.
You erupt in a blast of force!
The mystic blast hits the guardian serpent!
The guardian serpent is knocked back by the mystic blast.
The mystic blast hits the elephant.
The elephant is knocked back by the mystic blast.
The mystic blast hits the bullfrog!!
You kill the bullfrog!
Vehumet accepts your kill. 😨 MP[-4]
You lost 4 mp, and now have 3/27 mp.
The guardian serpent casts a spell at you.
The elephant blinks!
You hit the elephant but do no damage. The elephant barely misses you.
The elephant trunk-slaps you but does no damage.
You block the elephant's attack.
The elephant trunk-slaps you but does no damage. 😨 HP[+1] MP[+1]
Found a stone staircase leading up.
The guardian serpent casts a spell at you.
The bolt of poison hits you!
You are poisoned.
* * * LOW HITPOINT WARNING * * *
😱 HP[-8]
You take 8 damage, and now have 20/85 hp.
* * * LOW HITPOINT WARNING * * *
You feel very sick. 😱 HP[-4]
You take 4 damage, and now have 16/85 hp.
You feel very sick. 😱 HP[-3]
You take 3 damage, and now have 13/85 hp.
You feel sick. 😱 HP[-1]
You take 1 damage, and now have 12/85 hp.
A cane toad comes into view.
You feel sick. 😱 HP[-2] MP[+1]
You take 2 damage, and now have 10/85 hp.
You feel sick.
There is a fountain of clear blue water here. 😱 HP[-2]
You take 2 damage, and now have 8/85 hp.
You feel sick. 😱 HP[-1]
You take 1 damage, and now have 7/85 hp.
A bullfrog comes into view.
You feel sick.
There is a stone staircase leading up here.
You feel sick.
The bullfrog gives a loud, deep croak!
The cane toad gives a loud, deep croak!
The elephant tramples you.
* * * LOW HITPOINT WARNING * * *
You stumble backwards!
You stop ascending the stairs. 😱 HP[-3]
You take 3 damage, and now have 4/85 hp.
You feel sick.
The guardian serpent coils itself and waves its upper body at you.
You resist with some effort.
There is a fountain of clear blue water here. 😱 HP[-1] MP[+1]
You take 1 damage, and now have 3/85 hp.
You feel sick.
You are no longer poisoned.
You block the bullfrog's attack.
The guardian serpent casts a spell at you.
The bolt of poison hits you!
You are lethally poisoned!
You die...

Skill      XL: |  1  2  3  4  5  6  7  8  9 10 11 12 |
---------------+-------------------------------------+-----
Conjurations   | 5 6 7 8 9 11 | 11.2
Dodging        | 2 3 4 |  4.4
Spellcasting   | 3 4 5 6 7 8 10 11 | 11.6
Stealth        | 2 3 4 |  4.1
Short Blades   | 1 2 3 5 6 7 |  7.0
Air Magic      | 2 3 4 5 |  5.1
Poison Magic   | 2 4 6 7 8 |  8.0
Fighting       | 1 2 |  2.2
Shields        | 1 2 |  2.0
Evocations     | 1 2 |  2.1
Translocations | 2 3 |  3.2
Hexes          | 1 |  1.4
Fire Magic     | 2 |  2.0
Earth Magic    | 3 |  3.3

Action                   |  1- 3 |  4- 6 |  7- 9 | 10-12 || total
-------------------------+-------+-------+-------+-------++-------
Melee: Unarmed           |     9 |       |       |       ||     9
       Tailslap          |     4 |     2 |     1 |     6 ||    13
       Dagger            |     1 |     8 |     2 |    37 ||    48
       Punch             |       |       |       |     1 ||     1
 Cast: Magic Dart        |    56 |    32 |   106 |   126 ||   320
       Searing Ray       |    16 |    19 |    70 |   117 ||   222
       Mephitic Cloud    |       |       |     2 |    24 ||    26
       Iskenderun's Myst |       |       |     1 |    78 ||    79
       Dazzling Flash    |       |       |     1 |       ||     1
       Olgreb's Toxic Ra |       |       |       |    42 ||    42
       Fireball          |       |       |       |    31 ||    31
       Fulminant Prism   |       |       |       |    18 ||    18
       Hailstorm         |       |       |       |     1 ||     1
Evoke: Wand              |       |       |       |    26 ||    26
  Use: Scroll            |       |     6 |     1 |    16 ||    23
       Potion            |       |     1 |       |     4 ||     5
 Stab: Confused          |       |       |       |     1 ||     1
Armor: Skin              |     3 |     6 |    19 |    54 ||    82
Dodge: Dodged            |     2 |    30 |    37 |    63 ||   132
Block: Other             |       |       |    14 |    30 ||    44
       Reflection        |       |       |     4 |     3 ||     7

Levels and vault maps discovered:
D:1:      kb_arrival_jail, layout_rooms, st_stairs_7
D:2:      layout_basic, hex_large, skrybe_limestone_x, uniq_terence, uniq_robin
D:3:      layout_loops_ring, uniq_sigmund
D:4:      layout_cave_pools, kennysheep_mini, kennysheep_donut, uniq_eustachio,
          uniq_edmund
D:5:      layout_rooms, minivault_4, chequers_serial_rivers_small_b
D:6:      layout_loops_corners, chequers_serial_rivers_micro_b,
          serial_bayou_pond_e, uniq_blork_the_orc, uniq_crazy_yiuf_cottage,
          uniq_pikel
D:7:      layout_loops_cross, minmay_temple_entry_statues_fountains,
          serial_shops, shop, uniq_duvessa, uniq_joseph
D:8:      layout_basic, serial_shops, nicolae_take_the_stairs, enter_bailey_8,
          biasface_ghost_orc_armoury, nicolae_two_hexagons,
          minmay_stone_trees_medium, uniq_grum
D:9:      minmay_blocky_corners, layout_gridville, lair_entry_dummy,
          serial_shops, shop, centaur_isle, uniq_erolcha, uniq_maurice
D:10:     layout_roguey
Temple:   mainiacjoe_temple_hex_bubbles
Lair:1:   minmay_lair_oklob_tunnel, layout_concentric_octagons,
          gammafunk_ghost_wrathful_warriors, minivault_19
Lair:2:   layout_regular_city, minmay_swamp_entry_swarm,
          portal_ice_cave_entry_ice_simulacra, lemuel_fruit_fields
Lair:3:   layout_long_grid, special_room [special_room_bee]
Lair:4:   layout_roguey, minmay_snake_entry_spellcaster,
          gammafunk_ghost_necromancy, serial_bayou_shore_b, grunt_megastairs_2,
          infiniplex_staircase_pool_2

Notes
Turn   | Place    | Note
-------+----------+-------------------------------------------
     0 | D:1      | mortz the Draconian Conjurer began the quest for the Orb.
     0 | D:1      | Reached XP level 1. HP: 14/14 MP: 3/3
     0 | D:1      | magus.rc [v1.9.6]
     2 | D:1      | Noticed an octopode
     2 | D:1      | Noticed an ogre
     4 | D:1      | Noticed a naga
     4 | D:1      | Noticed a spriggan
     6 | D:1      | Noticed a demonspawn
     8 | D:1      | Noticed a draconian
     8 | D:1      | Noticed a dwarf
    10 | D:1      | Noticed a minotaur
    12 | D:1      | Noticed a vine stalker
    12 | D:1      | Noticed a felid
    14 | D:1      | Noticed a human
    14 | D:1      | Noticed a vampire
    16 | D:1      | Noticed a ghoul
    18 | D:1      | Noticed a tengu
    18 | D:1      | Noticed a demigod
    20 | D:1      | Noticed a troll
    22 | D:1      | Noticed a merfolk
    24 | D:1      | Noticed a gargoyle
    24 | D:1      | Noticed a formicid
    26 | D:1      | Noticed an elf
   299 | D:1      | Reached XP level 2. HP: 20/20 MP: 0/5
   302 | D:1      | Learned a level 2 spell: Searing Ray
  1167 | D:1      | Reached XP level 3. HP: 26/26 MP: 4/6
  1300 | D:1      | You pick up a book of Minor Magic and begin reading...
  1300 | D:1      | You add the spells Call Imp and Mephitic Cloud to your
                  | library.
  1627 | D:2      | Reached skill level 5 in Conjurations
  1628 | D:2      | Identified the +6 dagger of Ambiguity {holy, rC+ Str-5
                  | Int+5}
  2002 | D:2      | Noticed Robin
  2024 | D:2      | Reached XP level 4. HP: 33/33 MP: 1/8
  2026 | D:2      | Killed Robin
  2430 | D:2      | Noticed Terence
  2436 | D:2      | Killed Terence
  2437 | D:2      | Reached skill level 2 in Dodging
  2437 | D:2      | Reached skill level 3 in Spellcasting
  2859 | D:3      | Reached skill level 2 in Stealth
  2859 | D:3      | Reached XP level 5. HP: 38/38 MP: 4/9
  3095 | D:3      | Noticed Sigmund
  3630 | D:3      | Killed Sigmund
  3631 | D:3      | Reached skill level 1 in Short Blades
  3631 | D:3      | Reached skill level 6 in Conjurations
  3631 | D:3      | Reached XP level 6. HP: 45/45 MP: 2/11
  3944 | D:4      | Noticed Edmund
  4070 | D:4      | Noticed Eustachio
  4079 | D:4      | Killed Eustachio
  4080 | D:4      | Reached skill level 2 in Short Blades
  4080 | D:4      | Reached skill level 4 in Spellcasting
  4083 | D:4      | Your scales start taking on a dull iron-grey colour.
  4083 | D:4      | Reached XP level 7. HP: 16/50 MP: 0/13
  4409 | D:4      | Killed Edmund
  4410 | D:4      | Reached skill level 5 in Spellcasting
  4563 | D:4      | magus.rc [v1.9.6]
  4660 | D:4      | Reached skill level 3 in Short Blades
  4874 | D:4      | Learned a level 3 spell: Mephitic Cloud
  5046 | D:4      | Found a hazy altar of Hepliaklqana.
  5079 | D:4      | Reached XP level 8. HP: 58/58 MP: 7/15
  5564 | D:5      | Entered Level 5 of the Dungeon
  5623 | D:5      | Reached skill level 1 in Air Magic
  5691 | D:5      | Reached skill level 7 in Conjurations
  5746 | D:5      | You add the spells Olgreb's Toxic Radiance, Ozocubu's
                  | Refrigeration and Ignition to your library.
  5799 | D:5      | Reached skill level 1 in Poison Magic
  5917 | D:5      | You pick up a book of the Sky and begin reading...
  5917 | D:5      | You add the spells Summon Lightning Spire, Storm Form and
                  | Maxwell's Capacitive Coupling to your library.
  5922 | D:5      | Learned a level 3 spell: Dazzling Flash
  6104 | D:5      | Reached skill level 3 in Stealth
  6382 | D:6      | Reached skill level 6 in Spellcasting
  6593 | D:6      | Noticed a troll
  6771 | D:6      | Killed a troll
  6772 | D:6      | Reached skill level 1 in Fighting
  6772 | D:6      | Reached skill level 2 in Air Magic
  6772 | D:6      | Reached skill level 2 in Poison Magic
  7085 | D:6      | You pick up a book of Frost and begin reading...
  7085 | D:6      | You add the spells Freeze, Frozen Ramparts and Hailstorm to
                  | your library.
  7267 | D:6      | Reached XP level 9. HP: 64/64 MP: 11/18
  7465 | D:6      | Reached skill level 3 in Poison Magic
  7638 | D:6      | Noticed Pikel
  7658 | D:6      | Killed Pikel
  7659 | D:6      | Reached skill level 4 in Short Blades
  7773 | D:6      | Noticed Blork the orc
  7778 | D:6      | Killed Blork the orc
  7942 | D:6      | Found a runed translucent door.
  7943 | D:6      | Noticed Crazy Yiuf
  7950 | D:6      | Killed Crazy Yiuf
  7951 | D:6      | Reached skill level 8 in Conjurations
  8034 | D:7      | Noticed Duvessa
  8034 | D:7      | Noticed Joseph
  8086 | D:7      | Reached skill level 7 in Spellcasting
  8591 | D:7      | Reached skill level 3 in Dodging
  8650 | D:7      | Reached skill level 4 in Poison Magic
  8791 | D:7      | Found Biusm's Assorted Antiques.
  8802 | D:7      | Bought a potion of curing for 69 gold pieces
  8896 | D:7      | Killed Joseph
  8898 | D:7      | Noticed a gargoyle
  9098 | D:7      | Killed a gargoyle
  9190 | D:7      | Learned a level 4 spell: Iskenderun's Mystic Blast
  9205 | D:7      | Noticed a deep elf pyromancer
  9213 | D:7      | Killed a deep elf pyromancer
  9214 | D:7      | Reached skill level 5 in Short Blades
  9214 | D:7      | Reached skill level 1 in Shields
  9214 | D:7      | Reached skill level 3 in Air Magic
  9214 | D:7      | Reached XP level 10. HP: 72/72 MP: 4/21
  9288 | D:7      | Killed Duvessa
  9328 | D:7      | Noticed Dowan
  9530 | D:7      | Found a staircase to the Ecumenical Temple.
  9534 | D:7      | You pick up a book of Spectacle and begin reading...
  9541 | Temple   | Entered the Ecumenical Temple
  9605 | Temple   | Became a worshipper of Vehumet
 10118 | D:7      | Killed Dowan
 10202 | D:7      | Learned a level 4 spell: Olgreb's Toxic Radiance
 10207 | D:7      | Learned a level 4 spell: Hailstorm
 10240 | D:8      | Noticed Grum
 10245 | D:8      | Reached skill level 8 in Spellcasting
 10252 | D:8      | Killed Grum
 10391 | D:8      | Found a flagged portal.
 10409 | D:8      | Found Suiroemi's Book Shoppe.
 10481 | Bailey   | Entered a bailey
 10521 | Bailey   | Reached * piety under Vehumet
 10521 | Bailey   | Offered knowledge of Sandblast by Vehumet.
 10750 | Bailey   | Noticed an orc knight
 10758 | Bailey   | Reached skill level 5 in Poison Magic
 10771 | Bailey   | Reached skill level 4 in Air Magic
 10871 | Bailey   | Killed an orc knight
 10999 | Bailey   | Found a bloodstained altar of Trog.
 11131 | D:8      | Reached skill level 1 in Evocations
 11655 | D:8      | Reached skill level 6 in Short Blades
 11748 | D:8      | Found a runed translucent gate.
 11748 | D:8      | Found a runed translucent gate.
 11749 | D:8      | Found a runed translucent gate.
 11750 | D:8      | Noticed qwertyui's ghost (novice GrFi)
 11751 | D:8      | Identified the +1 chain mail of the Eternal Void {Str+4}
 12220 | D:8      | HP: 17/72 [qwertyui's ghost (7)]
 12533 | D:8      | Identified the +0 cloak of Indecent Exposure {Harm rN+
                  | Int+7}
 12616 | D:9      | Noticed Erolcha
 12644 | D:9      | Killed Erolcha
 12788 | D:9      | Reached skill level 6 in Poison Magic
 12835 | D:9      | Reached XP level 11. HP: 78/78 MP: 4/23
 13079 | D:9      | Noticed Maurice
 13094 | D:9      | Killed Maurice
 13205 | D:9      | Found Cust's Distillery.
 13213 | D:9      | Bought a potion of brilliance for 52 gold pieces
 13213 | D:9      | Bought 2 potions of curing for 78 gold pieces
 13213 | D:9      | Bought 2 potions of magic for 208 gold pieces
 13213 | D:9      | Bought a potion of curing for 39 gold pieces
 13440 | D:9      | Reached ** piety under Vehumet
 13695 | D:9      | Noticed a deep elf pyromancer
 13695 | D:9      | Noticed a purple ugly thing
 13695 | D:9      | Noticed a centaur warrior
 13699 | D:9      | Noticed a red ugly thing
 13722 | D:9      | Killed a red ugly thing
 13723 | D:9      | Reached skill level 2 in Evocations
 13731 | D:9      | Killed a centaur warrior
 13732 | D:9      | Reached skill level 9 in Conjurations
 13732 | D:9      | Reached skill level 7 in Poison Magic
 13941 | D:9      | Killed a deep elf pyromancer
 13941 | D:9      | Offered knowledge of Scorch by Vehumet.
 14062 | D:9      | Reached skill level 9 in Spellcasting
 14177 | D:9      | Killed a red ugly thing
 14178 | D:9      | Reached skill level 5 in Air Magic
 14321 | D:9      | Found a staircase to the Lair.
 14891 | D:10     | Entered Level 10 of the Dungeon
 14951 | D:10     | Noticed a two-headed ogre
 14958 | D:10     | Killed a two-headed ogre
 15564 | D:10     | Offered knowledge of Conjure Flame by Vehumet.
 16282 | Lair:1   | Entered Level 1 of the Lair of Beasts
 16368 | Lair:1   | Reached skill level 2 in Fighting
 16368 | Lair:1   | Reached skill level 4 in Stealth
 16468 | Lair:1   | You pick up a book of Weapons and begin reading...
 16468 | Lair:1   | You add the spells Portal Projectile, Excruciating Wounds
                  | and Blade Hands to your library.
 16487 | Lair:1   | Noticed an oklob plant
 16718 | D:8      | Bought a book of Fire for 660 gold pieces
 16718 | D:8      | You pick up a book of Fire and begin reading...
 16724 | D:8      | Learned a level 5 spell: Fireball
 16816 | Lair:1   | Reached skill level 1 in Translocations
 16869 | Lair:1   | Found a transporter.
 16882 | Lair:1   | Noticed a spriggan rider
 17018 | Lair:1   | Found a bloodstained altar of Trog.
 17025 | Lair:1   | Found a transporter.
 17037 | Lair:1   | Noticed oldmanjim's ghost (journeyman OgCj)
 17059 | Lair:1   | Reached *** piety under Vehumet
 17060 | Lair:1   | Reached skill level 10 in Spellcasting
 17674 | Lair:1   | magus.rc [v1.9.6]
 17764 | Lair:1   | Learned a level 4 spell: Fulminant Prism
 17782 | Lair:1   | Killed an oklob plant
 17783 | Lair:1   | Reached skill level 2 in Translocations
 17783 | Lair:1   | Reached XP level 12. HP: 85/85 MP: 8/26
 18080 | Lair:1   | Reached skill level 7 in Short Blades
 18080 | Lair:1   | Reached skill level 10 in Conjurations
 18318 | Lair:2   | Found a frozen archway.
 18373 | IceCv    | Entered an ice cave
 18377 | IceCv    | Reached skill level 1 in Hexes
 18381 | IceCv    | Offered knowledge of Stone Arrow by Vehumet.
 18443 | IceCv    | Found a transporter.
 18450 | IceCv    | You pick up a book of Chaos and begin reading...
 18450 | IceCv    | You add the spells Conjure Ball Lightning, Disjunction and
                  | Discord to your library.
 18455 | IceCv    | Found a transporter.
 18811 | Lair:2   | Reached skill level 4 in Dodging
 19092 | Lair:2   | Reached skill level 1 in Fire Magic
 19260 | Lair:2   | Reached skill level 11 in Spellcasting
 19468 | Lair:2   | Found a staircase to the Swamp.
 19569 | Lair:2   | You pick up a book of Blasting and begin reading...
 19869 | Lair:2   | Reached **** piety under Vehumet
 19870 | Lair:2   | Reached skill level 1 in Earth Magic
 19944 | Lair:2   | Reached skill level 2 in Shields
 20032 | Lair:2   | Noticed a catoblepas
 20056 | Lair:2   | Killed a catoblepas
 20304 | Lair:2   | Noticed a five-headed hydra
 20308 | Lair:2   | Killed a five-headed hydra
 20309 | Lair:2   | Reached skill level 2 in Earth Magic
 20309 | Lair:2   | Reached skill level 8 in Poison Magic
 20464 | Lair:3   | Noticed a four-headed hydra
 20469 | Lair:3   | Killed a four-headed hydra
 20470 | Lair:3   | Reached skill level 11 in Conjurations
 20470 | Lair:3   | Reached skill level 3 in Translocations
 20470 | Lair:3   | Reached skill level 2 in Fire Magic
 20684 | Lair:3   | You fall into a shaft and drop 1 floor!
 20717 | Lair:4   | Noticed a seven-headed hydra
 20935 | Lair:3   | Reached skill level 3 in Earth Magic
 21150 | Lair:4   | Found a staircase to the Snake Pit.
 21179 | Lair:4   | HP: 20/85 [guardian serpent/bolt of poison (8)]
 21184 | Lair:4   | HP: 8/85 [poisoned by a guardian serpent (bolt of poison)]
 21188 | Lair:4   | HP: 3/85 [poisoned by a guardian serpent (bolt of poison)]
 21189 | Lair:4   | Killed from afar by a guardian serpent

Vanquished Creatures
  2 hydras
  A catoblepas (Lair:2)
  Erolcha (D:9)
  A centaur warrior (D:9)
  A two-headed ogre (D:10)
  An orc knight (Bailey)
  Pikel (D:6)
  2 deep elf pyromancers
  4 oklob plants (Lair:1)
  3 ugly things
  3 black mambas
  Joseph (D:7)
  An elephant (Lair:3)
  2 ice statues (IceCv)
  Maurice (D:9)
  A gargoyle (D:7)
  A torpor snail (Lair:2)
  4 cane toads
  2 komodo dragons (Lair:1)
  An anaconda simulacrum (IceCv)
  2 trolls
  3 dream sheep
  A slime creature (D:9)
  Sigmund (D:3)
  A shadow (D:10)
  23 yaks
  Eustachio (D:4)
  A wraith (D:10)
  Grum (D:8)
  A basilisk (Lair:3)
  2 steam dragons (D:7)
  7 vampire mosquitoes
  2 death yak simulacra (IceCv)
  Edmund (D:4)
  An acid dragon (D:10)
  4 water moccasins
  Duvessa (D:7)
  2 orc warriors
  A hornet zombie (D:7)
  An ice beast (D:7)
  2 sky beasts (D:5)
  2 necrophages
  7 wolves
  2 ogres
  9 centaurs
  10 kobold brigands
  Blork the orc (D:6)
  6 bullfrogs
  A wyvern zombie (D:4)
  A gnoll sergeant (D:9)
  6 scorpions
  Dowan (D:7)
  9 killer bees
  2 elephant simulacra
  15 wights
  A howler monkey (D:9)
  A gnoll shaman (D:8)
  3 orc priests
  4 hounds
  Crazy Yiuf (D:6)
  A jelly (D:8)
  A bullfrog skeleton (D:4)
  2 centaur skeletons
  4 iguanas
  Terence (D:2)
  An orc wizard (D:10)
  A killer bee zombie (D:5)
  A wolf simulacrum (IceCv)
  Robin (D:2)
  14 gnolls
  3 howler monkey zombies
  5 adders
  A white imp (D:6)
  An ufetubus (D:5)
  A worm (D:2)
  4 dart slugs
  27 orcs
  6 ball pythons
  4 bats
  4 endoplasms
  5 giant cockroaches
  15 goblins
  14 hobgoblins
  29 kobolds
  4 quokkas
  4 frilled lizards
  4 rats
333 creatures vanquished.

Vanquished Creatures (others)
  An ugly thing (IceCv)
  18 fulminant prisms (Lair:1)
  14 fungi
  63 plants
96 creatures vanquished.

Grand Total: 429 creatures vanquished

Table legend:
 A = Non-vault XP
 B = Vault XP
 C = Vault XP percentage of total XP
 D = Non-vault monster count
 E = Vault monster count
 F = Vault count percentage of total count
                 A         B        C        D         E       F
            +---------+---------+-------+---------+---------+-------
      Total |   23046 |   14794 |  39.1 |     247 |      87 |  26.0
            +---------+---------+-------+---------+---------+-------
        D:1 |      40 |       8 |  16.7 |      20 |       4 |  16.7
        D:2 |      51 |      69 |  57.5 |      15 |      10 |  40.0
        D:3 |     107 |     227 |  68.0 |      15 |       1 |   6.2
        D:4 |     591 |     370 |  38.5 |      31 |       2 |   6.1
        D:5 |     609 |       0 |   0.0 |      10 |       0 |   0.0
        D:6 |     856 |     788 |  47.9 |      19 |       3 |  13.6
        D:7 |    2370 |     671 |  22.1 |      18 |       3 |  14.3
        D:8 |     771 |     775 |  50.1 |      15 |      13 |  46.4
        D:9 |    2002 |    4719 |  70.2 |      38 |      13 |  25.5
       D:10 |    2159 |       0 |   0.0 |      16 |       0 |   0.0
     Lair:1 |    2853 |    2244 |  44.0 |      15 |       4 |  21.1
     Lair:2 |    7075 |     945 |  11.8 |      25 |       6 |  19.4
     Lair:3 |    2967 |       0 |   0.0 |       7 |       0 |   0.0
     Lair:4 |     595 |       0 |   0.0 |       3 |       0 |   0.0
     Bailey |       0 |    1486 | 100.0 |       0 |      19 | 100.0
      IceCv |       0 |    2492 | 100.0 |       0 |       9 | 100.0
            +---------+---------+-------+---------+---------+-------

Illustrated notes

Table legend:
 A = Kills in this place as a percentage of kills in entire the game.
 B = Kills by you in this place as a percentage of kills by you in the entire game.
 C = Kills by friends in this place as a percentage of kills by friends in the entire game.
 D = Other kills in this place as a percentage of other kills in the entire game.
 E = Experience gained in this place as a percentage of experience gained in the entire game.
 F = Experience gained in this place divided by the number of levels of this place that you have seen.
                   A       B       C       D       E      F
               +-------+-------+-------+-------+-------+----------------------
         Total | 100.0 | 100.0 |   N/A | 100.0 | 100.0 | 2225.9
       Dungeon |  73.7 |  73.6 |   N/A |  75.0 |  45.4 | 1718.3
          Lair |  18.0 |  18.2 |   N/A |   0.0 |  44.1 | 4169.8
        Bailey |   5.7 |   5.8 |   N/A |   0.0 |   3.9 | 1486.0
      Ice Cave |   2.7 |   2.4 |   N/A |  25.0 |   6.6 | 2492.0
               +-------+-------+-------+-------+-------+----------------------

Table legend: (Time is in decaauts)
 A = Elapsed time spent in this place.
 B = Non-inter-level travel time spent in this place.
 C = Inter-level travel time spent in this place.
 D = Time resting spent in this place.
 E = Time spent auto-exploring this place.
 F = Levels seen in this place.
 G = Mean time per level.
                   A        B        C        D        E       F      G
               +--------+--------+--------+--------+--------+-----+--------+
         Total |  21190 |  20614 |    576 |   4578 |  12805 |  17 | 1246.5 |
       Dungeon |  15525 |  15159 |    366 |   3089 |   9948 |  10 | 1552.5 |
        Temple |    263 |    240 |     23 |      0 |    231 |   1 |  263.0 |
          Lair |   4479 |   4293 |    186 |    981 |   2532 |   4 | 1119.8 |
        Bailey |    542 |    542 |      0 |    227 |     94 |   1 |  542.0 |
      Ice Cave |    379 |    379 |      0 |    281 |      0 |   1 |  379.0 |
               +--------+--------+--------+--------+--------+-----+--------+

Top non-repeatable levels by time:
     D:9: 2390 daAuts
  Lair:1: 2101 daAuts
     D:7: 1982 daAuts
     D:6: 1935 daAuts
  Lair:2: 1654 daAuts
     D:8: 1568 daAuts
     D:3: 1453 daAuts
     D:1: 1445 daAuts
    D:10: 1364 daAuts
     D:2: 1345 daAuts
     D:4: 1323 daAuts
     D:5: 715 daAuts
  Lair:3: 642 daAuts
  Bailey: 542 daAuts
   IceCv: 379 daAuts
